 Dungeon Crawl Stone Soup version 0.31.0-32-g396128a36d (webtiles) character file.

Game seed: 4127368292791204555

286 Bamboolord the Sneak (level 6, -9/47 HPs)
             Began as a Formicid Gladiator on Mar 14, 2024.
             Mangled by an iguana (13 damage)
             ... on level 5 of the Dungeon.
             The game lasted 00:05:29 (3539 turns).

Bamboolord the Sneak (Formicid Gladiator)           Turns: 3539, Time: 00:05:30

Health: -9/47      AC:  3    Str: 20    XL:     6   Next: 56%
Magic:  8/8        EV: 12    Int:  8    God:
Gold:   186        SH:  0    Dex: 15    Spells: 6/8 levels left

rFire   . . .        a - +0 quarterstaff
rCold   . . .        (no shield)
rNeg    . . .        b - +0 leather armour
rPois   .            (helmet unavailable)
rElec   .            (no cloak)
rCorr   .            (no gloves)
SInv    +            (no boots)
Will    .....        (no amulet)
Stlth   ++           (no ring)
HPRegen 0.27/turn    (no ring)
MPRegen 0.11/turn

%: no passive effects
@: no status effects
A: permanent stasis, dig shafts and tunnels, antennae 3, four strong arms
a: Dig, Shaft Self


You were on level 5 of the Dungeon.
You visited 1 branch of the dungeon, and saw 5 of its levels.

You collected 186 gold pieces.

Inventory:

Hand Weapons
 a - a +0 quarterstaff (weapon)
Missiles
 c - 3 throwing nets
 d - a javelin
Armour
 b - a +0 leather armour (worn)
Jewellery
 k - a ring of ice
Wands
 q - a wand of quicksilver (4)
 t - a wand of flame (8)
Scrolls
 f - 2 scrolls of immolation
 i - 2 scrolls of vulnerability
 j - a scroll of revelation {unknown}
 m - a scroll of amnesia {unknown}
 o - a scroll of fear {unknown}
 r - a scroll of poison {unknown}
Potions
 e - 3 potions of curing
 h - 2 potions of ambrosia
 n - a potion of heal wounds
 p - 2 potions of invisibility
 s - a potion of cancellation


   Skills:
 + Level 3.3 Fighting
 + Level 3.7 Staves
 - Level 2.0 Throwing
 + Level 2.1 Armour
 - Level 2.6 Dodging
 * Level 4.0 Stealth
 * Level 1.8 Spellcasting
 * Level 2.7 Hexes


You had 6 spell levels left.
You knew the following spells:

 Your Spells              Type           Power      Damage    Failure   Level
a - Jinxbite              Hex            10%        N/A       21%         2

Your spell library contained the following spells:

 Spells                   Type           Power      Damage    Failure   Level
 Ensorcelled Hibernation  Hex/Ice        4%         N/A       34%         2
 Apportation              Tloc           0%         N/A       38%         1
 Foxfire                  Conj/Fire      0%         2x1d4     38%         1
 Necrotise                Necr           0%         1d4       38%         1
 Sting                    Conj/Alch      0%         1d3       38%         1
 Summon Small Mammal      Summ           0%         N/A       38%         1
 Lesser Beckoning         Tloc           0%         N/A       54%         2
 Gell's Gravitas          Tloc           0%         N/A       77%         3
 Passwall                 Erth           0%         N/A       77%         3
 Teleport Other           Tloc           0%         N/A       77%         3
 Alistair's Intoxication  Alch           0%         N/A       100%        5
 Dispersal                Tloc           0%         N/A       100%        6
 Plasma Beam              Fire/Air       0%         2x1d10    100%        6
 Starburst                Conj/Fire      0%         6d3       100%        6
 Swiftness                Air            Unusable   N/A       N/A         3

Dungeon Overview and Level Annotations

Branches:
Dungeon (5/15)
 Temple: D:4-7

Altars:
Xom

Annotations:
D:4 3 runed translucent doors, Zantyr's ghost, amateur MiFi; sono's ghost, amateur GrFi


Innate Abilities, Weirdness & Mutations

You cannot be hasted, slowed, berserked, paralysed or teleported.
You can dig through walls and to a lower floor.
You have a pair of large antennae on your head. (SInv)
Your four strong arms can wield two-handed weapons with a shield.


Message History

The iguana bites you!
Your Stealth skill increases to level 4!
You are too injured to fight recklessly!
You are too injured to fight recklessly!
You are too injured to fight recklessly!
You are too injured to fight recklessly!
You are too injured to fight recklessly!
You are too injured to fight recklessly!
You are too injured to fight recklessly!
You are too injured to fight recklessly!
You are too injured to fight recklessly!
You barely miss the iguana. The iguana closely misses you.
You hit the iguana but do no damage. The iguana barely misses you.
The iguana bites you!
* * * LOW HITPOINT WARNING * * *
You sock the iguana!
The iguana is severely wounded.
The iguana bites you.
* * * LOW HITPOINT WARNING * * *
You barely miss the iguana.
The iguana is severely wounded.
The iguana misses you.
You barely miss the iguana.
The iguana is severely wounded.
The iguana bites you.
* * * LOW HITPOINT WARNING * * *
You hit the iguana.
The iguana is almost dead.
The iguana closely misses you.
You hit the iguana.
The iguana is almost dead.
The iguana bites you.
* * * LOW HITPOINT WARNING * * *
You closely miss the iguana.
The iguana is almost dead.
The iguana closely misses you.
You barely miss the iguana.
The iguana is almost dead.
The iguana barely misses you. The iguana bites you!
You die...

### ## .$ #.. .. .# #.#
#.# #. .# # #.# #.# #.
.# .# #.###.### #. .#
.# #.#)....# #. .# .#
#.#.#.#.###l#†#.#
#...........@..##
#####.#.#.#.####.#..#
#.....#.....####.#.#.##
#.#######..>..........#
#.# #######..#......
#.# #..#..#.## #.# #..#
.# # #.# #..# .# #.#
.... #


You could see an iguana.

Vanquished Creatures
  2 bombardier beetles (D:4)
  A hound (D:3)
  2 iguanas
  An orc wizard (D:3)
  2 adders (D:2)
  3 dart slugs
  9 orcs
  4 bats
  10 endoplasms
  5 giant cockroaches
  8 goblins
  11 hobgoblins
  3 jackals (D:4)
  4 quokkas
  6 ball pythons
  A frilled lizard (D:3)
  7 kobolds
  4 rats
83 creatures vanquished.

Notes
Turn   | Place    | Note
-------+----------+-------------------------------------------
     0 | D:1      | Bamboolord the Formicid Gladiator began the quest for the
                  | Orb.
     0 | D:1      | Reached XP level 1. HP: 16/16 MP: 1/1
   105 | D:1      | Reached skill level 1 in Stealth
   143 | D:1      | Reached XP level 2. HP: 23/23 MP: 2/2
   362 | D:1      | Reached XP level 3. HP: 28/28 MP: 3/3
   387 | D:1      | Reached skill level 1 in Armour
   416 | D:1      | Reached skill level 2 in Stealth
   972 | D:2      | Found a shimmering altar of Xom.
  1087 | D:2      | Learned a level 2 spell: Jinxbite
  1135 | D:2      | Reached XP level 4. HP: 22/34 MP: 4/4
  1923 | D:3      | Reached skill level 1 in Hexes
  2009 | D:3      | Reached skill level 3 in Stealth
  2009 | D:3      | Reached skill level 1 in Spellcasting
  2009 | D:3      | Reached XP level 5. HP: 21/40 MP: 4/6
  2825 | D:4      | Found a runed translucent gate.
  2827 | D:4      | Found a runed translucent gate.
  2828 | D:4      | Found a runed translucent gate.
  2955 | D:4      | Reached XP level 6. HP: 10/47 MP: 6/8
  2956 | D:4      | HP: 2/47 [burnt (3)]
  3226 | D:4      | Noticed Zantyr's ghost (amateur MiFi)
  3227 | D:4      | Noticed sono's ghost (amateur GrFi)
  3453 | D:5      | Entered Level 5 of the Dungeon
  3531 | D:5      | Reached skill level 4 in Stealth
  3539 | D:5      | Mangled by an iguana

Illustrated notes

Levels and vault maps discovered:
D:1:      minmay_arrival_stone_box, layout_loops_ring
D:2:      layout_basic, basic_altar
D:3:      layout_basic
D:4:      layout_gridville, gammafunk_ghost_cemetery
D:5:      layout_loops_ring, nicolae_hepliaklqana_hazy_memory, minmay_holes

Skill      XL: |  1  2  3  4  5  6 |
---------------+-------------------+-----
Stealth        | 1 2 3 4 |  4.0
Armour         | 1 2 |  2.1
Hexes          | 1 2 |  2.7
Spellcasting   | 1 |  1.8
Fighting       | 3 |  3.3
Staves         | |  3.7
Throwing       | |  2.0
Dodging        | |  2.6

Action                     |  1- 3 |  4- 6 || total
---------------------------+-------+-------++-------
  Melee: Quarterstaff      |    92 |   142 ||   234
         Punch             |       |     2 ||     2
    Use: Scroll            |       |     7 ||     7
         Potion            |       |     1 ||     1
   Stab: Sleeping          |     7 |     3 ||    10
 Armour: Leather armour    |    48 |    72 ||   120
  Dodge: Dodged            |    56 |    86 ||   142
